 Dungeon Crawl Stone Soup version 0.24.0-125-gc4c63601f3 (webtiles) character file.

Game seed: 6790564267949753831, levelgen mode: deterministic

140 FluffierThanThou the Skirmisher (level 5, 0/47 HPs)
             Began as a Minotaur Fighter on Mar 12, 2020.
             Slain by a leopard gecko (3 damage)
             ... on level 3 of the Dungeon.
             The game lasted 00:04:47 (1899 turns).

FluffierThanThou the Skirmisher (Minotaur Fighter)  Turns: 1899, Time: 00:04:48

Health: 0/47       AC: 12    Str: 27    XL:     5   Next: 2%
Magic:  4/4        EV:  6    Int: 10    God:
Gold:   132        SH: 10    Dex:  9    Spells: 4/4 levels left

rFire    . . .     SeeInvis .   a - +0 long sword
rCold    . . .     Gourm    .   c - +0 shield
rNeg     . . .     Faith    .   i - +3 chain mail
rPois    .         Spirit   .   (helmet restricted)
rElec    .         Reflect  .   (no cloak)
rCorr    .         Harm     .   (no gloves)
MR       .....                  (no boots)
Stlth    ..........             (no amulet)
HPRegen  0.15/turn              (no ring)
MPRegen  0.09/turn              (no ring)

@: mighty, brilliant, lethally poisoned (0 -> -2), flying
A: retaliatory headbutt, horns 2
a: no special abilities


You were on level 3 of the Dungeon.
You were hungry.

You visited 1 branch of the dungeon, and saw 3 of its levels.

You collected 132 gold pieces.

Inventory:

Hand Weapons
 a - a +0 long sword (weapon)
Missiles
 n - 2 throwing nets (quivered) {!f}
Armour
 b - a +0 scale mail
 c - a +0 shield (worn)
 i - a +3 chain mail (worn)
   (You found it on level 1 of the Dungeon)
 l - a cursed +0 helmet
   (You found it on level 1 of the Dungeon)
Scrolls
 f - a scroll of amnesia {unknown}
 g - a scroll of immolation {unknown}
 h - 6 scrolls of identify {unknown}
 j - 2 scrolls of remove curse {unknown}
 o - 3 scrolls of teleportation {unknown}
 q - a scroll of blinking {unknown}
 r - a scroll of fog {unknown}
Comestibles
 e - 6 rations {!d}
 m - 2 chunks of flesh


   Skills:
 + Level 4.7 Fighting
 + Level 3.8 Long Blades
 + Level 4.6 Armour
 + Level 4.6 Shields


You had 4 spell levels left.
You didn't know any spells.
Your spell library was empty.

Dungeon Overview and Level Annotations

Branches:
Dungeon (3/15)

Altars:
Ashenzari
Elyvilon
Ru
Sif Muna
Uskayaw
The Shining One

Annotations:
D:2 2 transporters


Innate Abilities, Weirdness & Mutations

You reflexively headbutt those who attack you in melee.
You have a pair of horns on your head.


Message History

The adder bites you. The leopard gecko barely misses you.
The gnoll hits you but does no damage.
You are feeling hungry.
You miss the adder. The adder bites you. You block the leopard gecko's attack.
The gnoll barely misses you. You furiously retaliate!
You headbutt the gnoll!
You riposte.
You hit the gnoll but do no damage. The adder bites you.
* * * LOW HITPOINT WARNING * * *
You are more poisoned.
The adder poisons you!
You hit the adder.
You kill the adder!
You feel sick.
The leopard gecko bites you but does no damage.
You block the gnoll's attack. You block the leopard gecko's attack.
You hit the gnoll.
You feel sick. You block the gnoll's attack.
The gnoll hits you but does no damage.
The leopard gecko bites you but does no damage.
You hit the gnoll. Your headbutt misses the gnoll.
The gnoll hits you with a +3 mace.
* * * LOW HITPOINT WARNING * * *
You block the gnoll's attack. The leopard gecko barely misses you.
The gnoll barely misses you. You furiously retaliate!
You headbutt the gnoll.
You kill the gnoll!
You block the leopard gecko's attack. The gnoll hits you with a +3 mace.
* * * LOW HITPOINT WARNING * * *
You barely miss the gnoll. Your headbutt misses the gnoll.
You feel sick.
The leopard gecko bites you but does no damage.
The gnoll hits you with a +3 mace!
* * * LOW HITPOINT WARNING * * *
* * * LOW HITPOINT WARNING * * *
You feel sick.
The leopard gecko hisses menacingly.
It was a potion of cancellation.
You feel magically purged. The gnoll hits you but does no damage.
It was a potion of brilliance.
You feel clever all of a sudden.
* * * LOW HITPOINT WARNING * * *
You feel sick. The gnoll hits you but does no damage.
It was a potion of flight.
You feel very buoyant.
You fly up into the air.
You block the gnoll's attack.
You feel very mighty all of a sudden. The gnoll completely misses you.
You slash the gnoll!
You kill the gnoll!
You have reached level 5!
You feel sick.
The leopard gecko hisses menacingly.
The leopard gecko bites you.
You die...

#......# #.#.##.# .......
#.#.##.# ....%.# #.#.##.#
....)_# #.#..#.# ......#
#.##.#.# ....... #
##.##.#.# ##.......
####.......#######†)8.8.8.
'...............@l.†......
####...#[#########.).#.##.
# ##.##.# ##....# ####.#
.#### #..# .# #<## .# #.#
.# #.# .# #.#


You could see a leopard gecko.

Vanquished Creatures
  3 gnolls (D:3)
  4 adders
  2 worms
  3 dart slugs
  A leopard gecko (D:1)
  An orc (D:3)
  5 bats
  9 goblins
  8 hobgoblins
  5 jackals (D:1)
  8 kobolds
  2 quokkas (D:2)
  A frilled lizard (D:1)
  10 rats
62 creatures vanquished.

Notes
Turn   | Place    | Note
-------+----------+-------------------------------------------
     0 | D:1      | FluffierThanThou the Minotaur Fighter began the quest for
                  | the Orb.
     0 | D:1      | Reached XP level 1. HP: 19/19 MP: 0/0
    95 | D:1      | Reached XP level 2. HP: 27/27 MP: 1/1
   345 | D:1      | Reached XP level 3. HP: 31/33 MP: 2/2
   889 | D:2      | Found a transporter.
   894 | D:2      | Found a transporter.
   894 | D:2      | Noticed a bullfrog
   902 | D:2      | Found a sacrificial altar of Ru.
  1153 | D:2      | Reached XP level 4. HP: 36/41 MP: 3/3
  1390 | D:3      | Found a shimmering blue altar of Sif Muna.
  1511 | D:3      | Found a glowing golden altar of the Shining One.
  1787 | D:3      | Found a shattered altar of Ashenzari.
  1787 | D:3      | Found a white marble altar of Elyvilon.
  1867 | D:3      | Found a hide-covered altar of Uskayaw.
  1899 | D:3      | Reached XP level 5. HP: 4/47 MP: 4/4
  1899 | D:3      | Slain by a leopard gecko

Levels and vault maps discovered:
D:1:      grunt_arrival_lava_bath, layout_basic
D:2:      layout_loops_ring, gammafunk_temple_overflow_arena, minmay_distorted
D:3:      layout_loops_corners, overflow_temple_1_default,
          eat_drink_and_be_merry_uskayaw, gammafunk_temple_overflow_pools,
          tso_oasis_becter

Skill      XL: |  1  2 |
---------------+-------+-----
Fighting       | 4 |  4.7
Shields        | 4 |  4.6
Armour         | 4 |  4.6
Long Blades    | 3 |  3.8

Action                   |  1- 3 |  4- 6 || total
-------------------------+-------+-------++-------
Melee: Long sword        |   129 |    53 ||   182
       Headbutt          |    17 |    10 ||    27
  Use: Potion            |       |     4 ||     4
  Eat: Chunk             |     1 |     2 ||     3
Armor: Scale mail        |     7 |       ||     7
       Chain mail        |    69 |    54 ||   123
Dodge: Dodged            |    34 |    20 ||    54
Block: Shield            |    73 |    37 ||   110
       Rpst.: Long sword |     5 |     4 ||     9
